 Dungeon Crawl Stone Soup version 0.31-a0-1-g4198be8af4 (webtiles) character file.

Game seed: 12013034182912502772

257 bande the Covered (level 6, -2/38 HPs)
             Began as a Gargoyle Fighter on May 2, 2023.
             Slain by Duvessa
             ... wielding a +0 short sword
              (4 damage)
             ... on level 4 of the Dungeon.
             The game lasted 00:04:48 (2539 turns).

bande the Covered (Gargoyle Fighter)                Turns: 2539, Time: 00:04:49

Health: -2/38      AC: 17    Str: 19    XL:     6   Next: 16%
Magic:  0/6        EV:  4    Int:  9    God:
Gold:   140        SH:  8    Dex: 11    Spells: 5/5 levels left

rFire   . . .        a - +0 war axe
rCold   . . .        h - +0 kite shield
rNeg    + . .        g - +0 plate armour
rPois   ∞            (no helmet)
rElec   +            (no cloak)
rCorr   .            l - +0 pair of gloves
SInv    .            (no boots)
Will    .....        e - amulet of guardian spirit Stlth
                     (no ring)
HPRegen 0.26/turn    (no ring)
MPRegen 0.10/turn

%: guardian spirit
@: mighty
A: sickness immunity, AC +4, negative energy resistance 1, electricity
resistance, torment resistance 1, petrification resistance
a: no special abilities


You were on level 4 of the Dungeon.
You visited 1 branch of the dungeon, and saw 4 of its levels.

You collected 140 gold pieces.

Inventory:

Hand Weapons
 a - a +0 war axe (weapon)
 f - a +0 arbalest
 k - a +0 flail
Armour
 g - a +0 plate armour (worn)
 h - a +0 kite shield (worn)
 l - a +0 pair of gloves (worn)
Jewellery
 e - an amulet of guardian spirit (around neck)
 i - a ring of ice
Wands
 c - a wand of roots (11)
Potions
 j - a potion of invisibility


   Skills:
 + Level 4.2 Fighting
 + Level 4.1 Axes
 + Level 4.3 Armour
 + Level 4.1 Shields


You had 5 spell levels left.
You didn't know any spells.
Your spell library contained the following spells:

 Spells                   Type           Power      Damage    Failure   Level
 Summon Small Mammal      Summ           0%         N/A       100%        1
 Scorch                   Fire           0%         2d5       100%        2
 Call Canine Familiar     Summ           0%         N/A       100%        3
 Summon Guardian Golem    Hex/Summ       0%         N/A       100%        3
 Flame Wave               Conj/Fire      0%         2d4       100%        4
 Summon Cactus Giant      Summ           0%         N/A       100%        6


Dungeon Overview and Level Annotations

Branches:
Dungeon (4/15)
 Temple: D:4-7

Altars:
Dithmenos
Hepliaklqana
The Shining One

Shops:
D:2 (

Annotations:
D:4 Dowan, Duvessa


Innate Abilities, Weirdness & Mutations

You are immune to sickness and miasma.
Your stone body is resilient. (AC +4)
You are immune to poison.
You resist negative energy. (rN+)
You are resistant to electric shocks. (rElec)
You are resistant to unholy torment.
You are immune to petrification.


Message History

Dowan hits you but does no damage.
You closely miss Dowan. You block Dowan's attack.
Dowan hits you but does no damage.
You barely miss Dowan.
Duvessa zaps a wand.
The puff of flame hits you but does no damage.
The now-empty wand crumbles to dust.
Dowan barely misses you.
You hit Dowan.
Dowan is lightly wounded.
Dowan hits you but does no damage.
You barely miss Duvessa.
Duvessa is moderately wounded.
You closely miss Dowan. Duvessa hits you with a +0 short sword!
Dowan points at you and mumbles some strange words.
The puff of flame hits you but does no damage.
Dowan hits you with a +0 dagger. Duvessa hits you with a +0 short sword.
You are too injured to fight recklessly!
You are too injured to fight recklessly!
Unknown command.
You slash Duvessa!
Duvessa is heavily wounded.
You barely miss Dowan. You block Duvessa's attack.
Dowan hits you with a +0 dagger.
You slash Duvessa!
Duvessa is severely wounded.
You barely miss Dowan. You block Duvessa's attack.
Dowan says, "Magic and the sword, together, will defeat you."
Dowan casts a spell at you. The puff of frost hits you!
* * * LOW HITPOINT WARNING * * *
Dowan points at you and mumbles some strange words.
The puff of flame hits you but does no damage.
Duvessa hits you with a +0 short sword.
* * * LOW HITPOINT WARNING * * *
You feel very mighty all of a sudden.
Dowan smirks and points a slender finger.
You block Dowan's attack. Duvessa hits you but does no damage.
You hit Duvessa.
Duvessa is almost dead.
You slash Dowan! Duvessa hits you with a +0 short sword.
You die...

### # ###.. .#.
#... .... #..##
.....
##...#......
#..<@.......
#..e.e......
#?..........
#...÷.P..P.....
#............#.
#...P!.....P...
#$.............
#..............#
#.#..P......P..


You could see Duvessa and Dowan.

Vanquished Creatures
  Menkaure (D:3)
  Terence (D:2)
  4 adders
  A worm (D:2)
  A dart slug (D:1)
  An orc (D:3)
  9 endoplasms
  7 giant cockroaches
  4 goblins
  4 hobgoblins
  2 jackals (D:3)
  5 quokkas
  4 ball pythons
  8 bats
  5 frilled lizards
  5 kobolds
  6 rats
68 creatures vanquished.

Notes
Turn   | Place    | Note
-------+----------+-------------------------------------------
     0 | D:1      | bande the Gargoyle Fighter began the quest for the Orb.
     0 | D:1      | Reached XP level 1. HP: 14/14 MP: 1/1
    92 | D:1      | Reached XP level 2. HP: 18/19 MP: 2/2
   371 | D:1      | Reached XP level 3. HP: 21/24 MP: 3/3
   960 | D:2      | Found Nuozais's Weapon Emporium.
   974 | D:2      | Found a shadowy altar of Dithmenos.
  1106 | D:2      | Noticed Terence
  1123 | D:2      | Killed Terence
  1124 | D:2      | Reached XP level 4. HP: 10/29 MP: 1/4
  1455 | D:3      | Found a faded altar of an unknown god.
  2029 | D:3      | Reached XP level 5. HP: 33/33 MP: 5/5
  2135 | D:3      | Found a hazy altar of Hepliaklqana.
  2135 | D:3      | Found a glowing golden altar of the Shining One.
  2324 | D:4      | Noticed Duvessa
  2325 | D:4      | Noticed Dowan
  2328 | D:4      | Noticed Menkaure
  2396 | D:3      | Killed Menkaure
  2397 | D:3      | Reached XP level 6. HP: 4/38 MP: 0/6
  2537 | D:4      | HP: 1/38 [Duvessa/+0 short sword (5)]
  2539 | D:4      | Slain by Duvessa

Illustrated notes

Levels and vault maps discovered:
D:1:      lemuel_arrival_behind_the_door_small, layout_basic, minmay_hedge_maze
D:2:      layout_rooms, serial_shops, shop, basic_altar, uniq_terence
D:3:      minmay_bubble_buster, layout_loops_ring,
          nicolae_overflow_two_pavilions, basic_ecumenical_altar,
          dreamdust_princess_corridor, nicolae_elevator_lobby_plus
D:4:      layout_cave_pools, minmay_misc_feat_plants, uniq_menkaure,
          uniq_duvessa

Skill      XL: |  1  2  3  4  5 |
---------------+----------------+-----
Axes           | 2 3 4 |  4.1
Fighting       | 4 |  4.2
Armour         | 4 |  4.3
Shields        | 4 |  4.1

Action                     |  1- 3 |  4- 6 || total
---------------------------+-------+-------++-------
  Melee: War axe           |   102 |    99 ||   201
    Use: Scroll            |       |     6 ||     6
         Potion            |       |     6 ||     6
 Armour: Scale mail        |    13 |       ||    13
         Plate armour      |    83 |    90 ||   173
  Dodge: Dodged            |    40 |    31 ||    71
  Block: Buckler           |    24 |    18 ||    42
         Kite shield       |       |    33 ||    33

Table legend: (Time is in decaauts)
 A = Elapsed time spent in this place.
 B = Non-inter-level travel time spent in this place.
 C = Inter-level travel time spent in this place.
 D = Time resting spent in this place.
 E = Time spent auto-exploring this place.
 F = Levels seen in this place.
 G = Mean time per level.
                   A        B        C        D        E       F      G
               +--------+--------+--------+--------+--------+-----+--------+
         Total |   2626 |   2523 |    103 |    231 |   1666 |   4 |  656.5 |
       Dungeon |   2626 |   2523 |    103 |    231 |   1666 |   4 |  656.5 |
               +--------+--------+--------+--------+--------+-----+--------+

Top non-repeatable levels by time:
     D:3: 1077 daAuts
     D:1: 980 daAuts
     D:2: 526 daAuts
     D:4: 42 daAuts
